 Dungeon Crawl Stone Soup version 0.31.0-11-ge490571c62 (webtiles) character file.

Game seed: 710444377032418863

510438 Aviak the Corrupter of Planes (level 25, -4/315 HPs)
             Began as a Merfolk Conjurer on Feb 1, 2024.
             Was the Champion of Lugonu.
             Killed from afar by a storm dragon (15 damage)
             ... with a bolt of lightning
             ... on level 3 of the Realm of Zot.
             The game lasted 02:20:32 (46139 turns).

Aviak the Corrupter of Planes (Merfolk Conjurer)   Turns: 46139, Time: 02:20:33

Health: -4/315     AC: 15    Str: 11      XL:     25   Next: 8%
Magic:  37/37      EV: 32    Int: 19      God:    Lugonu [******]
Gold:   3620       SH: 36    Dex: 30 (33) Spells: 19/28 levels left

rFire   + + .        G - +9 double sword (distort)
rCold   + . .        H - +10 tower shield of Ignorance {rN+ Int-4}
rNeg    + . .        z - +3 leather armour {rF+}
rPois   +            s - +2 helmet "Beuch" {^Contam Regen+ SInv}
rElec   .            V - +2 cloak {Will+}
rCorr   .            (no gloves)
SInv    +            Q - +1 pair of boots of the Ditch-Digger {rC+ Int+4}
Will    ++...        X - amulet "Qyihes" {Acrobat rPois rF+ Regen+ Str+2} Stlth
                     J - +6 ring of dexterity
HPRegen 2.32/turn    u - +6 ring of dexterity
MPRegen 0.25/turn

%: acrobat
@: berserking, very quick
A: (nimble swimmer 2), mertail, subdued magic 1
}: 3/15 runes: barnacled, silver, gossamer
a: Renounce Religion, Depart the Abyss, Banish, Corrupt, Enter the Abyss


You were on level 3 of the Realm of Zot.
You worshipped Lugonu.
Lugonu was exalted by your worship.
You visited 10 branches of the dungeon, and saw 45 of its levels.
You visited 1 bazaar.
You also visited: Gauntlet.

You collected 6228 gold pieces.
You spent 2608 gold pieces at shops.

Inventory:

Hand Weapons
 G - a +9 double sword of distortion (weapon)
Armour
 o - the +2 pair of boots of the Shining Light {Fly rF+ Dex+3 Stlth+}
   (You acquired it on level 5 of the Vaults)

   Dex+3:     It affects your dexterity (+3).
   rF+:       It protects you from fire.
   Fly:       It grants you flight.
   Stlth+:    It makes you more stealthy.
 s - the +2 helmet "Beuch" (worn) {^Contam Regen+ SInv}
   (You found it on level 5 of the Vaults)

   SInv:      It lets you see invisible.
   ^Contam:   It causes magical contamination when unequipped.
   Regen+:    It increases your rate of health regeneration.
 z - a +3 leather armour of fire resistance (worn)
 H - the +10 tower shield of Ignorance (worn) {rN+ Int-4}
   (You took it off Mennas on level 5 of the Vaults)

   Int-4:     It affects your intelligence (-4).
   rN+:       It protects you from negative energy.
 Q - the +1 pair of boots of the Ditch-Digger (worn) {rC+ Int+4}
   (You found it in a Gauntlet)

   Int+4:     It affects your intelligence (+4).
   rC+:       It protects you from cold.
 V - a +2 cloak of willpower (worn)
 Y - the +3 buckler of Snakes and Ladders {Rampage rN+++ rCorr Stlth-}
   (You acquired it on level 12 of the Dungeon)

   rN+++:     It renders you almost immune to negative energy.
   rCorr:     It protects you from acid and corrosion.
   Rampage:   It bestows one free step when moving towards enemies.
   Stlth-:    It makes you less stealthy.
Jewellery
 q - a ring of resist corrosion
 u - a +6 ring of dexterity (right hand)
 C - a ring of protection from cold
 E - the ring "Elaijead" {Wiz rElec}
   (You found it on level 4 of the Shoals)

   [ring of wizardry]

   Wiz:       It improves your spell success rate.
   rElec:     It insulates you from electricity.
 J - a +6 ring of dexterity (left hand)
 X - the amulet "Qyihes" (around neck) {Acrobat rPois rF+ Regen+ Str+2}
   (You bought it in a shop on level 2 of the Orcish Mines)

   [amulet of the acrobat]

   Acrobat:   It increases your evasion while moving and waiting.
   Str+2:     It affects your strength (+2).
   rF+:       It protects you from fire.
   rPois:     It protects you from poison Regen+: It increases your rate of
   health regeneration.
Wands
 a - a wand of flame (26)
 v - a wand of iceblast (7)
 B - a wand of charming (29)
 I - a wand of polymorph (3)
 K - a wand of digging (18)
 U - a wand of acid (2)
Scrolls
 d - 11 scrolls of poison
 g - 6 scrolls of fear
 i - 25 scrolls of identify
 k - 3 scrolls of enchant weapon
 p - 4 scrolls of revelation
 t - 5 scrolls of teleportation
 x - 2 scrolls of blinking
 y - 5 scrolls of immolation
 A - 4 scrolls of enchant armour
 N - a scroll of silence {!r}
 R - 3 scrolls of brand weapon
 T - 10 scrolls of fog
 W - 4 scrolls of vulnerability {!r}
Potions
 b - 3 potions of might
 c - 5 potions of curing
 e - 6 potions of mutation {!q}
 f - 4 potions of haste
 h - 5 potions of heal wounds
 j - 6 potions of brilliance
 l - a potion of cancellation
 n - 6 potions of magic
 r - a potion of experience {unknown}
 w - 7 potions of attraction
 F - 4 potions of enlightenment
 L - 7 potions of ambrosia
 M - 4 potions of berserk rage
 O - 5 potions of lignification {!q}
 P - 2 potions of invisibility
Miscellaneous
 m - a condenser vane
 D - a phantom mirror
 S - a lightning rod (4/4)
 Z - a phial of floods


   Skills:
 - Level 20.0 Fighting
 - Level 4.0(13.6) Short Blades
 - Level 19.8(20.0) Long Blades
 - Level 6.0 Armour
 - Level 20.0 Dodging
 - Level 6.0 Stealth
 - Level 20.0 Shields
 - Level 2.0 Spellcasting
 - Level 4.0 Conjurations
 - Level 7.0 Ice Magic
 + Level 21.9 Invocations
 - Level 16.0 Evocations


You had 19 spell levels left.
You knew the following spells:

 Your Spells              Type           Power      Damage    Failure   Level
a - Magic Dart            Conj           52%        1d5       9%          1
b - Searing Ray           Conj           26%        2d5       13%         2
c - Frozen Ramparts       Ice            44%        1d7       7%          3
d - Ozocubu's Armour      Ice            22%        N/A       7%          3

Your spell library contained the following spells:

 Spells                   Type           Power      Damage    Failure   Level
 Freeze                   Ice            88%        1d9       2%          1
 Hailstorm                Conj/Ice       17%        3d6       14%         3
 Ensorcelled Hibernation  Hex/Ice        22%        N/A       16%         2
 Foxfire                  Conj/Fire      28%        2x1d5     21%         1
 Shock                    Conj/Air       28%        1d4       21%         1
 Sting                    Conj/Alch      28%        1d4       21%         1
 Momentum Strike          Conj/Tloc      14%        3d8       30%         2
 Static Discharge         Conj/Air       14%        3-4/arc   30%         2
 Summon Ice Beast         Ice/Summ       11%        N/A       32%         3
 Apportation              Tloc           2%         N/A       43%         1
 Necrotise                Necr           4%         1d4       43%         1
 Sandblast                Erth           2%         2d4       43%         1
 Summon Small Mammal      Summ           4%         N/A       43%         1
 Dazzling Flash           Conj/Hex       14%        N/A       52%         3
 Stone Arrow              Conj/Erth      14%        3d7       52%         3
 Blink                    Tloc           2%         N/A       58%         2
 Jinxbite                 Hex            2%         N/A       58%         2
 Lesser Beckoning         Tloc           2%         N/A       58%         2
 Sublimation of Blood     Necr           1%         N/A       58%         2
 Mephitic Cloud           Conj/Alch/Air  5%         N/A       63%         3
 Call Canine Familiar     Summ           1%         N/A       82%         3
 Fugue of the Fallen      Necr           1%         N/A       82%         3
 Inner Flame              Hex/Fire       1%         N/A       82%         3
 Passwall                 Erth           1%         N/A       82%         3
 Sigil of Binding         Hex            1%         N/A       82%         3
 Swiftness                Air            1%         N/A       82%         3
 Teleport Other           Tloc           1%         N/A       82%         3
 Tukima's Dance           Hex            1%         N/A       82%         3
 Volatile Blastmotes      Fire/Tloc      2%         2d10      82%         3
 Brom's Barrelling Bould  Conj/Erth      7%         2d3       91%         4
 Flame Wave               Conj/Fire      7%         2d5       91%         4
 Fulminant Prism          Conj/Alch      3%         3d5       91%         4
 Iskenderun's Mystic Bla  Conj/Tloc      7%         2d4       91%         4
 Iskenderun's Battlesphe  Conj           13%        2d7       95%         5
 Metabolic Englaciation   Hex/Ice        5%         N/A       97%         5
 Airstrike                Air            0%         2d(1-17)  99%         4
 Anguish                  Hex/Necr       0%         N/A       99%         4
 Dimensional Bullseye     Hex/Tloc       0%         N/A       99%         4
 Manifold Assault         Tloc           1%         N/A       99%         4
 Martyr's Knell           Necr/Summ      1%         N/A       99%         4
 Petrify                  Alch/Erth      1%         N/A       99%         4
 Sticky Flame             Fire/Alch      1%         2d4       99%         4
 Fireball                 Conj/Fire      3%         3d4       99%         5
 Irradiate                Conj/Alch      3%         3d12      99%         5
 Yara's Violent Unravell  Hex/Alch       0%         3d3       100%        5
 Bombard                  Conj/Erth      3%         9d1       100%        6
 Conjure Ball Lightning   Conj/Air       3%         3x3d6     100%        6
 Dispersal                Tloc           0%         N/A       100%        6
 Plasma Beam              Fire/Air       0%         2x1d10    100%        6
 Sculpt Simulacrum        Ice/Alch       5%         N/A       100%        6
 Starburst                Conj/Fire      3%         6d3       100%        6
 Enfeeble                 Hex            0%         N/A       100%        7
 Haunt                    Necr/Summ      0%         N/A       100%        7
 Orb of Destruction       Conj           6%         9d6       100%        7
 Spellforged Servitor     Conj/Summ      3%         N/A       100%        7
 Disjunction              Tloc           0%         N/A       100%        8
 Maxwell's Capacitive Co  Air            0%         ∞         100%        8
 Chain Lightning          Conj/Air       3%         3d4       100%        9
 Fire Storm               Conj/Fire      3%         8d1       100%        9
 Shatter                  Erth           0%         3d5*      100%        9


Dungeon Overview and Level Annotations

Branches:
Dungeon (15/15)            Temple (1/1) D:4            Lair (5/5) D:11
 Shoals (4/4) Lair:3       Spider (4/4) Lair:2        Slime (0/5) Lair:5
    Orc (2/2) D:10            Elf (2/3) Orc:2        Vaults (5/5) D:13
  Crypt (0/3) Vaults:3     Depths (4/4) D:15            Zot (3/5) Depths:4
Gauntlet (visited)

Altars:
Ashenzari
Cheibriados
Dithmenos
Elyvilon
Fedhas
Gozag
Hepliaklqana
Kikubaaqudgha
Makhleb
Nemelex Xobeh
Okawaru
Qazlal
Ru
Sif Muna
Trog
Uskayaw
Vehumet
Wu Jian
Xom
Yredelemnul
Zin
The Shining One
Jiyva
Lugonu

Shops:
D:14 *   Orc:1 (   Orc:2 *!?=   Elf:1 (   Elf:2 (   Shoals:1 *   Vaults:1 [!

Portals:
Hell: Depths:1 Depths:2 Depths:3 Depths:4
Abyss: Depths:2
Pandemonium: Depths:2
Ziggurat: Depths:4

Annotations:
D:9 2 transporters, exclusion: oklob plant, Discosetron's ghost, journeyman DjFE
Lair:2 3 runed translucent doors, Qoesoec's ghost, journeyman GrFi
Lair:5 1 runed translucent door, corrupted
Shoals:4 2 transporters, corrupted
Vaults:5 corrupted
Depths:3 corrupted
Depths:4 corrupted
Abyss:1 Arachne; Nikola


Innate Abilities, Weirdness & Mutations

((You are very nimble when in or above water. (Stealth+, EV+, Speed+++)))
Your lower body shifts to a powerful aquatic tail in water.
Your spells are a little easier to cast, but a little less powerful.


Message History

The storm dragon tramples you!
* * * LOW HITPOINT WARNING * * *
You hold your ground!
The moth of wrath bites you.
* * * LOW HITPOINT WARNING * * *
The moth of wrath infuriates you!
A red film seems to cover your vision as you go berserk!
You feel yourself moving faster!
You feel mighty!
The purple draconian shifter mumbles some strange words.
The purple draconian shifter blinks!
The storm dragon bites you!
* * * LOW HITPOINT WARNING * * *
The storm dragon claws you.
* * * LOW HITPOINT WARNING * * *
The storm dragon tramples you.
* * * LOW HITPOINT WARNING * * *
You hold your ground!
The moth of wrath bites you!
* * * LOW HITPOINT WARNING * * *
The storm dragon bites you!
* * * LOW HITPOINT WARNING * * *
The storm dragon claws you but does no damage.
The storm dragon tramples you!
* * * LOW HITPOINT WARNING * * *
You hold your ground!
You can move again.
You slice the moth of wrath!!
Space warps horribly around the moth of wrath!
The moth of wrath is almost dead.
You block the storm dragon's attack. x3; You block the moth of wrath's attack.
The purple draconian shifter mumbles some strange words.
The purple draconian shifter blinks!
You slice the moth of wrath like a ripe choko!!!
You kill the moth of wrath!
Lugonu accepts your kill.
The purple draconian shifter is no longer moving slowly.
You block the storm dragon's attack. x3
You hear a loud "Zot"!
The storm dragon breathes lightning at you.
The bolt of lightning hits the storm dragon.
The storm dragon completely resists.
The bolt of lightning hits you!
You die...

###⌠........####.....##
#....q§..#### #######
#..##.....# .
..####....####.. .
.###....d....p..
....###.?...d.......
.....>.D###DdX......
.......$.###D###..##
.(.:.....D###@# .##
......#....###)#
##....#..#..# #..
#.....##.....# #...
..... zd ..d# #....
#.... .##.... #... #..
..


You could see 2 storm dragons, a black draconian, a green draconian, a purple
draconian and a purple draconian shifter.

Vanquished Creatures
  A dread lich (Vaults:5)
  An ancient lich (Vaults:5)
  Mennas (Vaults:5)
  Mara (Spider:4)
  A curse toe (Zot:3)
  A Killer Klown (Zot:3)
  2 caustic shrikes
  7 golden dragons
  2 Tzitzimimeh
  3 bone dragons
  3 doom hounds (Depths:2)
  7 tentacled monstrosities
  6 liches
  Grunn (Depths:3)
  A walking frostbound tome (Depths:4)
  8 quicksilver dragons
  A titan (Vaults:5)
  Polyphemus (Shoals:4)
  3 sphinxes
  A walking divine tome (Depths:3)
  3 death cobs
  5 tengu reavers
  8 shadow dragons
  7 nagarajas (Depths:2)
  6 storm dragons
  A protean progenitor (Zot:1)
  A draconian knight (Zot:2)
  13 vault wardens
  8 fire giants
  2 draconian scorchers
  2 draconian shifters
  2 draconian monks (Zot:1)
  2 deep elf sorcerers (Vaults:5)
  8 frost giants
  2 orc warlords (Vaults:1)
  A balrug (Depths:2)
  3 ghost moths (Spider:4)
  4 formless jellyfish
  A broodmother (Spider:2)
  A draconian annihilator (Zot:1)
  2 reapers (Depths:2)
  4 ironbound thunderhulks
  11 ironbound preservers
  5 spriggan defenders
  4 green draconians
  8 stone giants
  9 very ugly things
  A black draconian (Depths:4)
  2 deep elf death magi (Vaults:5)
  3 white draconians (Zot:1)
  A yellow draconian (Zot:1)
  17 dire elephants
  4 war gargoyles
  5 deep elf annihilators
  8 spark wasps
  A minotaur (Gauntlet)
  4 purple draconians
  Snorg (D:13)
  6 ettins
  4 merfolk impalers
  4 red draconians
  3 merfolk javelineers
  6 fire dragons
  5 entropy weavers
  A great orb of eyes (Vaults:2)
  2 deep elf high priests (Vaults:5)
  7 yaktaur captains
  Fannar (Lair:2)
  Harold (Lair:1)
  27 vault guards
  4 ice dragons
  A peacekeeper (Vaults:1)
  3 rakshasas
  14 hydras
  2 merfolk avatars (Shoals:4)
  An ogre mage (Vaults:5)
  A spriggan air mage (Depths:1)
  4 jorogumos
  2 death knights (Vaults:3)
  8 ironbound frosthearts
  11 two-headed ogres
  2 catoblepae
  2 radroaches (Spider:3)
  2 anacondas (Depths:2)
  7 merfolk aquamancers
  7 centaur warriors
  5 dancing weapons
  10 deep troll shamans
  5 death yaks
  3 satyrs
  5 deep troll earth magi
  11 boulder beetles
  9 tengu warriors
  2 occultists
  2 orc high priests (Orc:2)
  2 hell knights (Depths:1)
  3 demonic crawlers
  6 spriggan berserkers
  Sonja (Lair:2)
  A sun demon (Depths:2)
  4 skysharks
  4 deep elf knights (Elf:1)
  5 iron trolls
  Lodul (D:13)
  A golden dragon zombie (Depths:1)
  8 pharaoh ants
  43 deep trolls
  6 sea snakes
  A sun moth (Spider:4)
  6 glowing orange brains
  3 flayed ghosts
  9 orb spiders
  A glowing orange brain (shapeshifter) (Vaults:5)
  A mana viper (Depths:2)
  3 deep elf archers
  5 steelbarb worms
  Pikel (D:4)
  10 arcanists
  3 necromancers
  12 ironbound convokers
  5 lindwurms
  35 harpies
  10 orc knights
  14 deep elf pyromancers
  9 deep elf zephyrmancers
  A stone giant zombie (Depths:1)
  7 orc sorcerers (Orc:2)
  5 phantasmal warriors
  24 wolf spiders
  A fire giant zombie (Depths:1)
  34 ugly things
  4 fauns
  8 cyclopes
  A faun (shapeshifter) (Vaults:5)
  9 manticores
  An oklob plant (Gauntlet)
  9 meliai
  8 large abominations
  19 moths of wrath
  7 water nymphs
  25 elephants
  12 vault sentinels
  7 black mambas
  A smoke demon (Gauntlet)
  3 guardian serpents (Depths:2)
  7 merfolk sirens
  8 cane toads
  2 torpor snails
  2 gargoyles
  2 cane toads (shapeshifter)
  3 centaur skeletons (D:8)
  A spectral sea snake (Shoals:4)
  Maggie (Lair:1)
  4 unseen horrors
  A human zombie (Vaults:3)
  8 komodo dragons
  8 rime drakes
  5 freezing wraiths
  A tengu conjurer (D:13)
  30 yaktaurs
  2 tormentors (Depths:2)
  An efreet (D:15)
  2 anaconda simulacra (Depths:2)
  A harpy zombie (D:8)
  7 trolls
  A red devil (Gauntlet)
  A merfolk (shapeshifter) (D:13)
  3 wind drakes
  A tarantella (shapeshifter) (Depths:2)
  A hellwing (D:8)
  A polar bear (shapeshifter) (D:13)
  3 saltlings (Orc:2)
  3 polar bears
  42 blink frogs
  2 hornets (Depths:2)
  A troll (shapeshifter) (D:13)
  20 merfolk
  A tengu simulacrum (Depths:1)
  28 tarantellas
  5 glass eyes
  A glass eye (shapeshifter) (Vaults:5)
  A meliai (shapeshifter) (Vaults:5)
  16 snapping turtles
  21 dream sheep
  An ettin zombie (Depths:1)
  A human simulacrum (Vaults:3)
  6 shadows
  8 wraiths
  21 culicivoras
  27 jumping spiders
  A centaur simulacrum (D:13)
  3 wyverns
  5 slime creatures
  2 spriggans (Depths:2)
  A vampire (D:13)
  23 water elementals
  23 yaks
  6 basilisks
  2 fire elementals (Elf:1)
  3 wargs
  A yaktaur simulacrum (Vaults:3)
  10 vampire mosquitoes
  47 redbacks
  Edmund (D:6)
  2 acid dragons
  13 water moccasins
  19 orc warriors
  An ice beast (D:7)
  An ettin simulacrum (Vaults:3)
  9 small abominations
  A laughing skull (D:13)
  A black bear (Lair:2)
  11 ogres
  A centaur (shapeshifter) (Elf:1)
  11 wolves
  8 centaurs
  3 boggarts (Vaults:2)
  3 lemures (D:4)
  Blork the orc (D:6)
  A kobold brigand (D:9)
  11 bullfrogs
  A scorpion (D:7)
  2 earth elementals (Elf:1)
  2 gnoll sergeants (D:9)
  5 wights (D:9)
  23 killer bees
  5 howler monkeys
  A bombardier beetle (D:5)
  5 electric eels
  11 crimson imps
  A jelly (D:5)
  11 orc priests
  5 hounds
  A gnoll bouda (D:5)
  2 iguanas (D:4)
  12 orc wizards
  14 gnolls
  15 adders
  4 shadow imps (D:8)
  2 white imps
  2 dart slugs (D:1)
  2 ribbon worms
  42 orcs
  6 ball pythons
  4 bats
  5 endoplasms
  A giant cockroach (D:3)
  7 goblins
  6 hobgoblins
  7 jackals
  5 frilled lizards
  8 kobolds
  4 rats
  A starspawn tentacle (Vaults:5)
1570 creatures vanquished.

Vanquished Creatures (collateral kills)
  A golden dragon (Vaults:5)
  A freezing wraith (Vaults:5)
2 creatures vanquished.

Vanquished Creatures (others)
  Parghit (Depths:3)
  Vv (Depths:4)
  A tentacled monstrosity (Zot:3)
  A sphinx (Vaults:5)
  The ghost of inmateoo the Bludgeoner, an adept GrFi of the Shining One (Shoals:4)
  A shadow dragon (Vaults:5)
  A vault warden (Vaults:5)
  A ghost moth (Zot:3)
  A very ugly thing (Depths:3)
  A dire elephant (Lair:5)
  A merfolk impaler (Shoals:4)
  A spectral kraken (Shoals:4)
  A spriggan air mage (Depths:3)
  7 vault guards (Vaults:5)
  A catoblepas (Lair:5)
  4 death yaks (Lair:5)
  A deep troll shaman (Lair:5)
  A spriggan berserker (Depths:3)
  A harpy (Shoals:4)
  2 spectral alligator snapping turtles (Shoals:4)
  A vault sentinel (Vaults:5)
  A yaktaur (Vaults:5)
  3 merfolk (Shoals:4)
  A dream sheep (Shoals:1)
  A spectral snapping turtle (Shoals:4)
  7 wolves (Lair:5)
  A hound (D:11)
  2 orc wizards (Vaults:5)
  An orc (Vaults:5)
  4 foxfires (Depths:4)
  32 starspawn tentacles
  13 tentacles (Shoals:4)
97 creatures vanquished.

Grand Total: 1669 creatures vanquished

Notes
Turn   | Place    | Note
-------+----------+-------------------------------------------
     0 | D:1      | Aviak the Merfolk Conjurer began the quest for the Orb.
     0 | D:1      | Reached XP level 1. HP: 13/13 MP: 3/3
   185 | D:1      | Reached XP level 2. HP: 20/20 MP: 0/5
   188 | D:1      | Learned a level 2 spell: Searing Ray
   285 | D:1      | Reached skill level 1 in Fighting
   969 | D:2      | Reached XP level 3. HP: 11/26 MP: 1/6
  1541 | D:2      | Found a shimmering altar of Xom.
  1919 | D:2      | Identified the +0 ring mail "Uxuujy" {+Inv rC- rN+++ Will-}
  2140 | D:3      | Reached XP level 4. HP: 32/33 MP: 7/7
  2347 | D:3      | Identified the amulet of Patience {Reflect Harm rPois
                  | Regen+ Dex+3 SH+5}
  2629 | D:3      | Found a hide-covered altar of Uskayaw.
  2993 | D:4      | Reached XP level 5. HP: 37/40 MP: 8/8
  3142 | D:4      | Noticed a lemure
  3143 | D:4      | Noticed Pikel
  3146 | D:5      | Entered Level 5 of the Dungeon
  3163 | D:5      | Reached skill level 5 in Dodging
  3199 | D:4      | Killed a lemure
  3204 | D:4      | Noticed a lemure
  3206 | D:4      | Noticed a lemure
  3216 | D:4      | Killed a lemure
  3221 | D:4      | Killed a lemure
  3226 | D:4      | Noticed a lemure
  3321 | D:4      | Killed Pikel
  3322 | D:4      | Reached skill level 5 in Fighting
  3322 | D:4      | Reached XP level 6. HP: 19/52 MP: 4/9
  3322 | D:4      | Reached XP level 7. HP: 21/57 MP: 4/10
  3456 | D:4      | Found a staircase to the Ecumenical Temple.
  3464 | Temple   | Entered the Ecumenical Temple
  3476 | Temple   | Became a worshipper of Lugonu the Unformed
  3739 | D:4      | Found a glowing silver altar of Zin.
  3739 | D:4      | Found a glowing golden altar of the Shining One.
  3746 | D:4      | Found a white marble altar of Elyvilon.
  3983 | D:5      | Reached skill level 1 in Invocations
  4007 | D:5      | Identified the +3 war axe of Uncomfortable Rashes {elec,
                  | Int+3 Dex+2}
  4026 | D:5      | Reached XP level 8. HP: 64/64 MP: 1/11
  4179 | D:5      | Found a shimmering altar of Xom.
  4229 | D:5      | Found a burning altar of Makhleb.
  4461 | D:6      | Noticed Edmund
  4478 | D:6      | Killed Edmund
  4479 | D:6      | Reached skill level 2 in Invocations
  4861 | D:6      | Learned a level 3 spell: Frozen Ramparts
  4865 | D:6      | Learned a level 3 spell: Ozocubu's Armour
  4911 | D:6      | Noticed Blork the orc
  4925 | D:6      | Killed Blork the orc
  4926 | D:6      | Reached skill level 1 in Ice Magic
  5099 | D:6      | Reached * piety under Lugonu
  5982 | D:7      | Reached XP level 9. HP: 74/74 MP: 0/12
  6268 | D:8      | Reached skill level 5 in Ice Magic
  6299 | D:8      | Noticed a hellwing
  6360 | D:8      | Killed a hellwing
  6542 | D:8      | Reached skill level 1 in Short Blades
  6587 | D:8      | Reached skill level 10 in Fighting
  6587 | D:8      | Reached XP level 10. HP: 51/85 MP: 7/13
  7474 | D:9      | Reached ** piety under Lugonu
  7563 | D:9      | Reached skill level 10 in Dodging
  7721 | D:9      | Found a transporter.
  7731 | D:9      | Noticed Discosetron's ghost (journeyman DjFE)
  7749 | D:9      | Found a transporter.
  7770 | D:9      | Found a blossoming altar of Fedhas.
  7787 | D:9      | Noticed an oklob plant
  7997 | D:9      | Reached skill level 1 in Long Blades
  8505 | D:10     | Entered Level 10 of the Dungeon
  8548 | D:10     | Noticed a two-headed ogre
  8571 | D:10     | Killed a two-headed ogre
  8654 | D:10     | Reached XP level 11. HP: 95/95 MP: 14/14
  8687 | D:10     | Found a shadowy altar of Dithmenos.
  8688 | D:10     | Found a basalt altar of Yredelemnul.
  8688 | D:10     | Found an iron altar of Okawaru.
  8690 | D:10     | Found a sacrificial altar of Ru.
  8690 | D:10     | Found an ancient bone altar of Kikubaaqudgha.
  8692 | D:10     | Found a snail-covered altar of Cheibriados.
  8692 | D:10     | Found a bloodstained altar of Trog.
  8693 | D:10     | Found an ornate altar of the Wu Jian Council.
  8709 | D:10     | Reached skill level 3 in Invocations
  8769 | D:10     | Noticed a two-headed ogre
  8781 | D:10     | Killed a two-headed ogre
  8859 | D:10     | Found a staircase to the Orcish Mines.
  8989 | D:10     | Found a broken altar of Ashenzari.
  8994 | D:10     | Identified a scroll of acquirement
  9068 | D:10     | Acquired a +2 demon blade of draining
  9127 | D:11     | You fall into a shaft and drop 1 floor!
  9195 | D:11     | Noticed a boulder beetle
  9349 | D:11     | Reached skill level 5 in Long Blades
  9349 | D:11     | Reached skill level 4 in Invocations
  9360 | D:11     | Killed a boulder beetle
  9360 | D:11     | Reached *** piety under Lugonu
  9599 | D:11     | Noticed an arcanist
  9605 | D:11     | Killed an arcanist
  9607 | D:11     | Noticed a brown ugly thing
  9619 | D:11     | Killed a brown ugly thing
  9620 | D:11     | Reached skill level 5 in Invocations
  9753 | D:11     | Found a staircase to the Lair.
  9771 | D:11     | Reached skill level 6 in Invocations
 10044 | D:11     | Noticed a two-headed ogre
 10051 | D:11     | Killed a two-headed ogre
 10052 | D:11     | Reached skill level 1 in Shields
 10302 | Lair:1   | Entered Level 1 of the Lair of Beasts
 10405 | Lair:1   | Noticed Maggie
 10413 | Lair:1   | Killed Maggie
 10414 | Lair:1   | Reached skill level 7 in Invocations
 10502 | Lair:1   | Reached XP level 12. HP: 102/102 MP: 17/17
 10643 | Lair:1   | Reached skill level 8 in Invocations
 10790 | Lair:1   | Noticed Harold
 10810 | Lair:1   | Killed Harold
 10897 | Lair:1   | Reached **** piety under Lugonu
 11532 | Lair:2   | Found a hole to the Spider Nest.
 11544 | Lair:2   | Reached skill level 10 in Long Blades
 11558 | Lair:2   | Reached skill level 9 in Invocations
 11676 | Lair:2   | Noticed an eight-headed hydra
 11678 | Lair:2   | Banished an eight-headed hydra
 11801 | Lair:2   | Identified the +8 falchion of Doom {flame, rC+}
 11895 | Lair:2   | Noticed Fannar
 11912 | Lair:2   | Killed Fannar
 11979 | Lair:2   | Noticed Sonja
 11987 | Lair:2   | Killed Sonja
 12123 | Lair:2   | Found a runed translucent gate.
 12124 | Lair:2   | Found a runed translucent gate.
 12124 | Lair:2   | Found a runed translucent gate.
 12129 | Lair:2   | Noticed Qoesoec's ghost (journeyman GrFi)
 12149 | Lair:3   | Reached skill level 10 in Invocations
 12165 | Lair:3   | Reached XP level 13. HP: 86/108 MP: 14/20
 12183 | Lair:3   | Reached skill level 5 in Shields
 12511 | Lair:3   | Reached skill level 11 in Invocations
 12586 | Lair:3   | Found a staircase to the Shoals.
 12712 | Lair:3   | Reached ***** piety under Lugonu
 13157 | Lair:4   | Reached skill level 12 in Invocations
 13184 | Lair:4   | Found a gate leading to a gauntlet.
 13193 | Gauntlet | Entered a Gauntlet
 13193 | Gauntlet | Found a transporter.
 13193 | Gauntlet | Found a transporter.
 13239 | Gauntlet | Found a transporter.
 13242 | Gauntlet | Found a transporter.
 13250 | Gauntlet | Found a transporter.
 13253 | Gauntlet | Found a transporter.
 13274 | Gauntlet | Found a transporter.
 13296 | Gauntlet | Found a transporter.
 13314 | Gauntlet | Found a transporter.
 13322 | Gauntlet | Found a transporter.
 13340 | Gauntlet | Found a transporter.
 13392 | Gauntlet | Found a transporter.
 13609 | Gauntlet | Reached XP level 14. HP: 115/115 MP: 23/23
 13610 | Gauntlet | Identified the +1 pair of boots of the Ditch-Digger {rC+
                  | Int+4}
 13660 | Gauntlet | Identified the +8 lajatang of Shrieking Terror {vamp, Will-
                  | Dex-3 SInv Stlth+}
 13742 | Gauntlet | Got the Quarto of Enchantment and the Salvo
 13786 | Lair:4   | Acquired the amulet of Raunnut {rPois Regen+ Str+3}
 14003 | Lair:4   | Reached skill level 13 in Invocations
 14394 | Lair:5   | Entered Level 5 of the Lair of Beasts
 14597 | Lair:5   | Reached skill level 14 in Invocations
 14650 | Lair:5   | Reached ****** piety under Lugonu
 14938 | Lair:5   | Found a runed translucent door.
 14938 | Lair:5   | Found a viscous altar of Jiyva.
 14940 | Lair:5   | Noticed an acid blob
 14941 | Lair:5   | Noticed an acid blob
 14946 | Lair:5   | Found a staircase to the Slime Pits.
 15089 | Lair:5   | Reached skill level 15 in Invocations
 15103 | Lair:5   | Corrupted Lair:5
 15103 | Lair:5   | Noticed a tentacled starspawn
 15118 | Lair:5   | Killed a dire elephant
 15183 | Lair:5   | Noticed a starcursed mass
 15228 | Lair:5   | Identified the staff "Leviticus" {+Blink Int+2 Conj}
 15804 | Orc:1    | Entered Level 1 of the Orcish Mines
 16014 | Orc:2    | Entered Level 2 of the Orcish Mines
 16183 | Orc:1    | Found Sudghiczu's Weapon Emporium.
 16369 | Orc:2    | Reached skill level 10 in Shields
 16522 | Orc:2    | Reached XP level 15. HP: 120/120 MP: 26/26
 16537 | Orc:2    | Found a staircase to the Elven Halls.
 17165 | Orc:2    | Found Moddaufu's Magic Scroll Shoppe.
 17169 | Orc:2    | Found Gehattul's Distillery.
 17223 | Orc:2    | Bought a scroll of teleportation for 51 gold pieces
 17223 | Orc:2    | Bought a scroll of teleportation for 51 gold pieces
 17255 | Orc:2    | Bought a potion of might for 68 gold pieces
 17273 | Orc:2    | Found Ebofolol's Jewellery Boutique.
 17306 | Orc:2    | Found Woom's Assorted Antiques.
 17306 | Orc:2    | Noticed an orc warlord
 17341 | Orc:2    | Banished an orc warlord
 17358 | Orc:2    | Bought a scroll labelled FUAPNO LETSOI for 38 gold pieces
 17358 | Orc:2    | Bought a scroll labelled JIRYUC ETOE for 38 gold pieces
 17389 | Orc:2    | Bought the amulet "Qyihes" {Acrobat rPois rF+ Regen+ Str+2}
                  | for 838 gold pieces
 18233 | D:12     | Acquired the +3 buckler of Snakes and Ladders {Rampage
                  | rN+++ rCorr Stlth-}
 18522 | D:13     | Noticed Snorg
 18541 | D:13     | Killed Snorg
 18647 | D:13     | Noticed Lodul
 18682 | D:13     | Killed Lodul
 18969 | D:13     | Found a gate to the Vaults.
 19176 | D:13     | Found a runed translucent door.
 19177 | D:13     | Found a runed translucent door.
 19178 | D:13     | Found a runed translucent door.
 19333 | D:13     | Found a runed translucent door.
 19333 | D:13     | Found a runed translucent door.
 19495 | D:13     | Reached XP level 16. HP: 129/131 MP: 27/27
 19534 | D:13     | Identified the +2 rapier "Wisyamn" {heavy, rPois rC+ Dex+3
                  | Stlth+}
 19638 | D:13     | Got the Octavo of Distorted Ice
 19639 | D:13     | Identified the staff "Imuclug" {rPois rC+ Alchemy}
 19947 | D:14     | Found Fumumn's Assorted Antiques.
 19955 | D:14     | Bought a condenser vane for 1200 gold pieces
 20053 | D:14     | Found a radiant altar of Vehumet.
 20763 | Elf:1    | Entered Level 1 of the Elven Halls
 20863 | Elf:1    | You fall into a shaft and drop 1 floor!
 20914 | Elf:2    | Found Saesm's Antique Weapon Boutique.
 21373 | Elf:1    | Acquired a +2 heavy double sword
 21375 | Elf:1    | Identified a +4 double sword of distortion (a +2 heavy
                  | double sword corrupted by Lugonu)
 21375 | Elf:1    | Received a gift from Lugonu
 21408 | Elf:1    | Found Osteokhla's Weapon Emporium.
 21580 | Elf:1    | Got the Quarto of Conjuration
 22039 | Shoals:1 | Entered Level 1 of the Shoals
 22890 | Shoals:1 | Found Piugaesu's Assorted Antiques.
 22974 | Shoals:1 | Reached skill level 16 in Invocations
 22999 | Shoals:1 | Reached XP level 17. HP: 140/140 MP: 29/29
 23371 | Shoals:2 | Reached skill level 15 in Dodging
 24394 | Shoals:3 | Identified the +5 arbalest of Seatoc {drain, rF+ rN+}
 24440 | Shoals:3 | Reached skill level 15 in Fighting
 24685 | Shoals:3 | Reached skill level 15 in Long Blades
 24727 | Shoals:4 | Entered Level 4 of the Shoals
 24727 | Shoals:4 | Found a flickering gateway to a bazaar.
 24741 | Bazaar   | Entered a bazaar
 24749 | Bazaar   | Found Payr's Book Shop.
 24761 | Bazaar   | Found Toomn's Jewellery Shop.
 24943 | Shoals:4 | Reached skill level 17 in Invocations
 25075 | Shoals:4 | Noticed Polyphemus
 25115 | Shoals:4 | Killed Polyphemus
 25210 | Shoals:4 | Found a transporter.
 25213 | Shoals:4 | Found a transporter.
 25264 | Shoals:4 | Noticed inmateoo's ghost (adept GrFi)
 25293 | Shoals:4 | Reached skill level 15 in Shields
 25605 | Shoals:4 | Got a barnacled rune of Zot
 25713 | Shoals:4 | Reached XP level 18. HP: 133/149 MP: 30/30
 25962 | Shoals:4 | Got the Opusculum on Amassed Imprecation
 26094 | Shoals:4 | Corrupted Shoals:4
 26111 | Shoals:4 | Killed inmateoo's ghost
 26168 | Shoals:4 | Identified the ring "Elaijead" {Wiz rElec}
 26318 | Spider:1 | Entered Level 1 of the Spider Nest
 27297 | Spider:2 | Reached skill level 1 in Armour
 28054 | Spider:3 | Gained mutation: Your spells are a little easier to cast,
                  | but a little less powerful. [mutagenic glow]
 28576 | Spider:4 | Entered Level 4 of the Spider Nest
 28588 | Spider:4 | Noticed Mara
 28592 | Spider:4 | Noticed Aviak's illusion
 28614 | Spider:4 | Killed Mara
 28858 | Spider:4 | Noticed Arachne
 28873 | Spider:4 | Banished Arachne
 29136 | Spider:4 | Reached XP level 19. HP: 51/159 MP: 26/31
 29145 | Spider:4 | HP: 6/159 [disintegration (57)]
 29634 | Spider:4 | Got a gossamer rune of Zot
 30075 | Spider:4 | Identified the orb of an ossuary {guile, Fly rPois Int+2
                  | Dex-5}
 30552 | D:15     | Entered Level 15 of the Dungeon
 30869 | D:15     | Found a shimmering blue altar of Sif Muna.
 31053 | D:15     | Found a staircase to the Depths.
 31151 | Vaults:1 | Entered Level 1 of the Vaults
 31256 | Vaults:1 | Noticed Nikola
 31262 | Vaults:1 | Banished Nikola
 31689 | Vaults:1 | Reached skill level 18 in Invocations
 31999 | Vaults:1 | Found Repniv's Distillery.
 32007 | Vaults:1 | Bought a potion of cancellation for 144 gold pieces
 32007 | Vaults:1 | Bought a potion of haste for 180 gold pieces
 32082 | Vaults:1 | Found Yparergh's Armour Shoppe.
 32983 | Vaults:2 | Reached XP level 20. HP: 168/168 MP: 33/33
 33340 | Vaults:2 | Reached skill level 5 in Armour
 35298 | Vaults:3 | Reached skill level 19 in Invocations
 35631 | Vaults:3 | Found a staircase to the Crypt.
 35871 | Vaults:4 | Reached XP level 21. HP: 177/177 MP: 34/34
 36322 | Vaults:4 | Paralysed by a sphinx for 5 turns
 36999 | Vaults:4 | Reached skill level 5 in Stealth
 37283 | Vaults:5 | Entered Level 5 of the Vaults
 37285 | Vaults:5 | Corrupted Vaults:5
 37286 | Vaults:5 | Noticed a golden dragon
 37286 | Vaults:5 | Noticed a golden dragon
 37291 | Vaults:5 | Noticed a golden dragon
 37297 | Vaults:5 | Killed a golden dragon
 37311 | Vaults:5 | Killed a golden dragon
 37328 | Vaults:5 | Reached skill level 1 in Evocations
 37504 | Vaults:5 | Identified the +2 shortbow of the Screaming Gods {freeze,
                  | rF++}
 37718 | Vaults:5 | Reached skill level 5 in Evocations
 37738 | Vaults:5 | Reached XP level 22. HP: 106/186 MP: 35/35
 37845 | Vaults:5 | Noticed a dread lich
 37865 | Vaults:5 | Killed a dread lich
 38053 | Vaults:5 | Identified the +2 helmet "Beuch" {^Contam Regen+ SInv}
 38245 | Vaults:5 | Noticed Mennas
 38269 | Vaults:5 | Killed Mennas
 38270 | Vaults:5 | Reached skill level 10 in Evocations
 38377 | Vaults:5 | Identified the staff of the Baleful God {rF+ Dex+6 Fire}
 38400 | Vaults:5 | Identified the +1 long sword of Compassion {venom, rElec
                  | rPois rC+ Dex+2}
 38592 | Vaults:5 | Acquired the +2 pair of boots of the Shining Light {Fly rF+
                  | Dex+3 Stlth+}
 38613 | Vaults:5 | Noticed an ancient lich
 38627 | Vaults:5 | Found the +8 storm bow {elec, penet}
 38681 | Vaults:5 | Killed a golden dragon
 38688 | Vaults:5 | Got a silver rune of Zot
 38744 | Vaults:5 | Killed an ancient lich
 38898 | Vaults:5 | Killed a golden dragon
 39281 | Depths:1 | Entered Level 1 of the Depths
 39355 | Depths:1 | Found a gateway to Hell.
 39419 | Depths:1 | Found the +2 cloak of the Thief {*Fog Slay-2 SInv Stlth+}
 40090 | Depths:1 | Noticed a caustic shrike
 40104 | Depths:1 | Killed a caustic shrike
 40279 | Depths:1 | Reached XP level 23. HP: 192/192 MP: 36/36
 40346 | Depths:1 | Got the Cyclopedia of Displacement and Charms
 40595 | Depths:2 | Noticed a golden dragon
 40602 | Depths:2 | Killed a golden dragon
 40819 | Depths:2 | Reached skill level 15 in Evocations
 40845 | Depths:2 | Found a one-way gate leading to the halls of Pandemonium.
 41571 | Depths:2 | Found a white marble altar of Elyvilon.
 41742 | Depths:2 | Found a one-way gate to the infinite horrors of the Abyss.
 42064 | Depths:2 | Noticed a caustic shrike
 42076 | Depths:2 | Killed a caustic shrike
 42165 | Depths:3 | Noticed Grunn
 42331 | Depths:1 | Reached skill level 20 in Invocations
 42429 | Depths:3 | Killed Grunn
 42518 | Depths:3 | Noticed a golden dragon
 42635 | Depths:3 | Reached XP level 24. HP: 201/201 MP: 37/37
 43301 | Depths:3 | Found a broken altar of Ashenzari.
 43339 | Depths:4 | Entered Level 4 of the Depths
 43372 | Depths:4 | Noticed a juggernaut
 43377 | Depths:4 | Banished a juggernaut
 43377 | Depths:4 | Noticed Parghit
 43409 | Depths:3 | Corrupted Depths:3
 43419 | Depths:3 | Killed Parghit
 43695 | Depths:4 | Reached skill level 21 in Invocations
 43740 | Depths:4 | Found a one-way gateway to a ziggurat.
 43741 | Depths:4 | Noticed Vv
 43748 | Depths:4 | Corrupted Depths:4
 43762 | Depths:4 | Killed Vv
 43846 | Depths:4 | Found a gate to the Realm of Zot.
 44066 | Depths:4 | Found a radiant altar of Vehumet.
 44372 | Zot:1    | Entered Level 1 of the Realm of Zot
 44826 | Zot:1    | Identified the +2 plate armour "Enirueki" {^Drain +Blink
                  | Str-2 SInv}
 45850 | Zot:3    | Noticed a curse toe
 45925 | Zot:3    | Killed a curse toe
 45954 | Zot:3    | Reached XP level 25. HP: 210/210 MP: 21/37
 46096 | Zot:3    | Noticed a Killer Klown
 46131 | Zot:3    | Killed a Killer Klown
 46132 | Zot:3    | Paralysed by a Zot trap for 5 turns
 46137 | Zot:3    | HP: 8/315 [storm dragon (16)]
 46139 | Zot:3    | Killed from afar by a storm dragon

Illustrated notes

Levels and vault maps discovered:
D:1:      mrwooster_arrival_statue_2, layout_basic, dreamdust_mushroom_princess,
          minmay_misc_feat_x, serial_park_tiny_pond
D:2:      layout_basic, basic_altar
D:3:      layout_basic, nicolae_uskayaw_suspiria, serial_forest,
          infiniplex_forest_clump_long, infiniplex_forest_lined_room_2,
          infiniplex_forest_clump_curved, infiniplex_forest_straight_3,
          infiniplex_forest_straight_3, infiniplex_forest_lined_3,
          infiniplex_forest_clump_diagonal, infiniplex_forest_zigzag_2,
          infiniplex_forest_clump_small
D:4:      layout_rooms, good_gods_temple_1, temple_green, grunt_ministairs_14,
          uniq_pikel
D:5:      layout_cave_pools, grunt_temple_overflow_champion_of_chaos
D:6:      layout_basic, minmay_nine_imps, uniq_blork_the_orc, uniq_edmund
D:7:      layout_basic
D:8:      cheibrodos_grave_circle, layout_loops_ring
D:9:      layout_long_grid, tgw_fedhas, gammafunk_ghost_stat_death
D:10:     layout_rooms, general_overflow_altar, grunt_temple_overflow_open,
          orc_0_dummy
D:11:     layout_loops_cross, erik_lair_island, chequers_avenue
D:12:     layout_layer_cave
D:13:     minmay_the_grid_triangle_9x9_rhombus_full
          [minmay_the_grid_triangle_9x9_descending_squares,
          minmay_the_grid_triangle_9x9_tough_junction,
          minmay_the_grid_triangle_9x9_pentomino_pain,
          minmay_the_grid_triangle_9x9_swiss_cheese,
          minmay_the_grid_triangle_9x9_fully_insulated_deathbox,
          minmay_the_grid_triangle_9x9_intruding_spiral,
          minmay_the_grid_triangle_9x9_skeleton,
          minmay_the_grid_triangle_9x9_prize_center], layout_cave_pools,
          hellmonk_vaults_attempted_burglary, uniq_lodul, uniq_snorg
D:14:     layout_long_grid, serial_shops, shop, vehumet_crystals
D:15:     hangedman_depths_entry_try_elsewhere_first, layout_cave_pools,
          led_sif_pool
Temple:   corrupted_temple
Lair:1:   minmay_lair_venomous_thicket, layout_cave_pods, beast_lair_carwin_11,
          grunt_megastairs_4, uniq_maggie, uniq_harold
Lair:2:   layout_loops_ring, hellmonk_spider_entry_not_the_bees,
          gammafunk_ghost_necromancy, uniq_fannar, uniq_sonja
Lair:3:   layout_loops_ring, elwin_shoals_entry_rooms
Lair:4:   layout_misc_corridors, gauntlet_entry_generic
Lair:5:   grunt_lair_end_beastmaster, layout_regular_city, slime_entry_2
Shoals:1: layout_shoals, serial_shops, shop, nicolae_shoals_seven_spires
Shoals:2: layout_shoals, nicolae_shoals_aquamancer_cove
Shoals:3: layout_shoals, nicolae_shoals_isolated_beach
Shoals:4: shoals_end_hangedman, layout_shoals, ebering_ghost_davey_jones,
          serial_shops, bzr_entry_customers, uniq_polyphemus
Spider:1: layout_spider_delve, nicolae_spider_checkerboard
Spider:2: layout_spider_delve
Spider:3: layout_spider_delve
Spider:4: johnstein_spider_rune_arachne_lair, uniq_mara, uniq_arachne
Orc:1:    layout_caves, serial_shops, nicolae_shop_behind_doors
Orc:2:    hellmonk_orc_salted, layout_diamond_mine
Elf:1:    minmay_elf_arrival_plus, layout_loops_corners, serial_shops,
          nicolae_shop_crystal, minmay_elf_annihilation
Elf:2:    nicolae_elf_blades_splatter_lattice [nicolae_blade_lattice],
          layout_geoelf_diagonals, basic_altar, serial_shops,
          nicolae_shop_stone, uniq_roxanne
Vaults:1: nicolae_vaults_storage_closets_2,
          nicolae_vaults_taking_the_gang_shopping,
          nicolae_vaults_storage_room_water, nicolae_vaults_house_3,
          hangedman_vaults_pinch, nicolae_vaults_security_offices_2,
          ontoclasm_vaults_gateway, nicolae_vaults_three_branches,
          nicolae_vaults_little_squares_5, ontoclasm_vaults_loading_screen,
          layout_vaults_chaotic_city, serial_shops, shop, uniq_nikola
Vaults:2: nicolae_vaults_apartment_1, nicolae_vaults_doubleplus_tesselated,
          nicolae_vaults_closet_pinwheel_5, v_misc_30, vaults_room_fours,
          nicolae_vaults_big_angled_halls, nicolae_vaults_network_star,
          ontoclasm_vaults_ligature, nicolae_vaults_shipping_containers_3,
          nicolae_vaults_offset_grid_hallway_1,
          nicolae_vaults_windows_and_doors_thing, vaults_room_grid,
          nicolae_vaults_tetromino_Z_2, nicolae_vaults_theta,
          nicolae_vaults_tangram_1, ontoclasm_vaults_ring_square,
          layout_vaults_maze
Vaults:3: blue_anna_dwarven_crypt, nicolae_vaults_tetromino_T_1,
          vaults_room_grunt_arrival_checkpoint, v_misc_3, nicolae_vaults_two_Ls,
          vaults_dpeg_emergency_exit, layout_vaults_omnigrid
Vaults:4: nicolae_vaults_puzzle_piece, v_misc_13, ontoclasm_vaults_eye,
          v_misc_9, nicolae_vaults_trapezoid_2, v_misc_10, vaults_mumra_hex,
          nicolae_vaults_door_testing_chamber, st_cross,
          nicolae_vaults_double_plus_2, ontoclasm_vaults_misaligned,
          grunt_vaults_hallway_short, nicolae_vaults_diagonal_hallway_9,
          layout_vaults_omnicross
Vaults:5: uniq_mennas
Depths:1: kennysheep_large_spiral, layout_twisted_cross, nicolae_lava_and_water,
          hell_entry, serial_glass, glass_columns_b, glass_columns_a,
          glass_columns_a, glass_columns_b, glass_columns_b, glass_columns_a,
          chequers_jeans, kennysheep_kite_vault
Depths:2: regret_index_malice_mire, layout_gridville, minmay_room_of_horrors,
          hell_entry, rand_demon_pan_entry_8, elyvilon_altar_5,
          minmay_serpent_palace
Depths:3: minmay_big_diamond_grid, layout_cave_shapes,
          abyss_entry_small_statue_room, columned_hall_lemuel, hell_entry,
          minmay_misc_feat_tiny, ashenzari_conservatory_becter,
          infiniplex_staircase_door_maze, uniq_grunn
Depths:4: evilmike_zot_entry_round, layout_cave_pools, enter_ziggurat_b,
          lemuel_coloured_pillars_altar, hell_entry, uniq_vv, uniq_parghit
Zot:1:    layout_onion, regret_index_zotdec_twisting_globes
Zot:2:    layout_gridlike
Zot:3:    layout_onion, regret_index_zotdec_serpentine_scales, st_stairs_4,
          zot_minivault_3

Skill      XL: |  1  2  3  4  5  6  7  8  9 10 11 12 13 14 15 16 17 18 19 20 21 22 23 24 |
---------------+-------------------------------------------------------------------------+-----
Dodging        | 3 4 7 8 11 12 13 14 16 17 18 19 20 | 20.0
Fighting       | 1 2 5 6 8 10 11 12 13 14 15 16 17 18 19 20 | 20.0
Conjurations   | 4 |  4.0
Invocations    | 1 2 7 10 12 15 16 17 18 19 20 21 | 21.9
Ice Magic      | 4 7 |  7.0
Short Blades   | 2 4 |  4.0
Long Blades    | 3 8 11 13 14 15 16 17 18 19 | 19.8
Shields        | 1 4 6 10 13 14 15 16 17 18 20 | 20.0
Armour         | 2 4 6 |  6.0
Stealth        | 6 |  6.0
Evocations     | 5 13 16 | 16.0
Spellcasting   | |  2.0

Action                     |  1- 3 |  4- 6 |  7- 9 | 10-12 | 13-15 | 16-18 | 19-21 | 22-24 | 25-27 || total
---------------------------+-------+-------+-------+-------+-------+-------+-------+-------+-------++-------
  Melee: Unarmed           |    17 |       |       |       |       |       |       |       |       ||    17
         Short sword       |    59 |       |       |       |       |       |       |       |       ||    59
         Punch             |     1 |     1 |    10 |     3 |       |       |       |       |       ||    15
         Dagger            |    17 |   128 |   273 |    85 |       |       |       |       |       ||   503
         Long sword        |       |       |       |    77 |       |       |       |       |       ||    77
         Demon blade       |       |       |       |   207 |       |       |       |       |       ||   207
         Tailslap          |       |       |       |     1 |     5 |    59 |     2 |    28 |       ||    95
         Falchion          |       |       |       |    28 |  1107 |   266 |       |       |       ||  1401
         Double sword      |       |       |       |       |       |  1026 |  1200 |  1429 |    68 ||  3723
   Cast: Magic Dart        |    19 |     1 |     4 |     8 |       |       |       |       |       ||    32
         Searing Ray       |     4 |     8 |    17 |     4 |       |       |       |     8 |       ||    41
         Frozen Ramparts   |       |       |     8 |    33 |    37 |    14 |    36 |    17 |     1 ||   146
         Ozocubu's Armour  |       |       |     3 |    26 |    20 |     8 |    23 |    12 |       ||    92
 Invoke: Banish            |       |       |       |     1 |     2 |     9 |    15 |    23 |       ||    50
         Corrupt           |       |       |       |       |     1 |     1 |     1 |     2 |       ||     5
         Brand Weapon With |       |       |       |       |       |     1 |       |       |       ||     1
  Evoke: Wand              |       |       |     1 |     6 |     7 |     1 |     9 |    36 |       ||    60
         Lightning rod     |       |       |       |       |       |       |     5 |    12 |       ||    17
         Phial of floods   |       |       |       |       |       |       |     1 |     1 |       ||     2
         Condenser vane    |       |       |       |       |       |       |       |     3 |       ||     3
         Phantom mirror    |       |       |       |       |       |       |       |     2 |       ||     2
    Use: Potion            |       |     3 |     5 |       |     1 |     3 |    10 |    12 |       ||    34
         Scroll            |       |       |     6 |    11 |    13 |    11 |     6 |    10 |       ||    57
   Stab: Sleeping          |     5 |     3 |     3 |     7 |     9 |    13 |    13 |    10 |       ||    63
         Distracted        |       |       |       |       |     3 |     3 |     6 |     8 |       ||    20
         Petrified         |       |       |       |       |    11 |       |       |       |       ||    11
 Armour: Robe              |    46 |    76 |    28 |       |       |       |       |       |       ||   150
         Leather armour    |       |       |   165 |   136 |   333 |   419 |   393 |   378 |    48 ||  1872
         Skin              |       |       |     4 |       |       |       |       |       |       ||     4
  Dodge: Dodged            |    67 |   110 |   359 |   365 |   671 |  1159 |   939 |   854 |    55 ||  4579
  Block: Other             |       |    15 |    73 |    60 |       |       |       |       |       ||   148
         Reflection        |       |       |       |     5 |     3 |       |       |       |       ||     8
         Buckler           |       |       |       |   102 |   528 |   110 |       |       |       ||   740
         Kite shield       |       |       |       |       |       |  1121 |  1078 |    86 |       ||  2285
         Tower shield      |       |       |       |       |       |       |       |  2246 |   129 ||  2375
